Frizzbo, neutral female gnomish Wizard ------------- |...........-###################################### --------- |........[(.| ------# ##........| |...........| ------ |....|# # |.......| -----.------- |.+..| ##.....|####-.......| ### |..).| # |[...-# # -----.--- # ----- ##).._g)### |....|# # # ### |...| # |..G[| ----.-# # # # ##....| ### |....| # # # # -|--- # |)<.| # ----.- # ### # |.{..###############-....###### # # # ### |...| # ----- #########`########## # |...| ### ## # # -.---.- |>..| # --|--# ##-.....| |....########## |...|# |.....| -----#*### |...|# |.....| |....# |+....| ----- ------- Frizzbo the Magician Experience level: 10 Strength: 17 Dexterity: 12 Constitution: 16 Intelligence: 18 Wisdom: 14 Charisma: 9 Health: 0(77) Energy: 130(142) Def: 7 Gold: 271 Moves: 15827 Dungeon seed: SuSFWEepnzZvnYsK Game ID: Frizzbo_1467314565 Your Inventory: Coins $ - 271 gold pieces Weapons L - the blessed rustproof +0 Magicbane (weapon in hand) Armor e - a blessed +0 cloak of magic resistance (being worn) y - an uncursed +0 studded leather armor (being worn) D - an uncursed +0 small shield I - an uncursed +0 pair of low boots (being worn) Q - an uncursed +0 elven leather helm (being worn) X - an uncursed +0 pair of leather gloves (being worn) Y - an uncursed +0 mummy wrapping Comestibles c - 3 uncursed tripe rations d - 2 uncursed eggs r - 4 uncursed food rations T - an uncursed clove of garlic Rings p - an uncursed ring of regeneration (on right hand) B - an uncursed ring of shock resistance O - an uncursed ring of polymorph control P - an uncursed ring of teleport control R - an uncursed ring of aggravate monster (on left hand) Wands g - an uncursed wand of magic missile (0:0) h - a blessed wand of magic missile (0:1) k - an uncursed wand of striking (0:3) x - an uncursed wand of sleep (0:6) C - an uncursed wand of striking (0:6) M - an uncursed wand of death (0:3) U - an uncursed wand of enlightenment (0:4) Tools f - an uncursed skeleton key s - an uncursed sack t - an uncursed magic lamp w - an uncursed tin whistle Gems n - 4 uncursed worthless pieces of black glass q - an uncursed amethyst stone u - an uncursed fluorite stone v - an uncursed worthless piece of yellowish brown glass z - 2 uncursed worthless pieces of red glass A - 2 uncursed jet stones E - an uncursed jade stone F - 2 uncursed worthless pieces of white glass J - 2 uncursed worthless pieces of green glass N - an uncursed agate stone Contents of the sack: 5802 gold pieces 4 uncursed scrolls of blank paper 2 uncursed scrolls of create monster an uncursed scroll of earth 2 uncursed scrolls of enchant weapon a cursed scroll of gold detection 2 uncursed scrolls of remove curse a cursed scroll of remove curse an uncursed scroll of scare monster 2 uncursed scrolls of scare monster 5 uncursed scrolls of teleportation 2 uncursed potions of gain energy a blessed potion of healing 3 potions of holy water an uncursed potion of water Spells and supernatural/magical abilities: Name Level Category Fail Memory a - force bolt 1 attack 0% 21% i - invisibility 4 escape 96% 38% m - magic missile 2 attack 0% 44% n - detect monsters 1 divination 0% 54% t - teleport away 6 escape 100% 72% x - extra healing 3 healing 70% 21% z - sleep 1 enchantment 0% 52% E - detect food 2 divination 0% 23% K - cure sickness 3 healing 70% 62% W - pray for help -- divine ? -- Your skills at the end: Miscellaneous Skills wands [Basic] Weapon Skills dagger [Basic] club [Basic] quarterstaff [Basic] crossbow [Basic] Spellcasting Skills attack spells [Expert] divination spells [Basic] enchantment spells [Basic] Final Attributes: You were stridently aligned. You were poison resistant. You were magic-protected. You had infravision. You aggravated monsters. You regenerated. You were unlucky. You are dead. Vanquished creatures: a shopkeeper a ghost 2 giant mimics a large mimic 4 wargs 2 small mimics 2 large cats 2 crocodiles a giant beetle a cockatrice a gremlin 2 leprechauns 3 quivering blobs 4 mountain nymphs a giant spider 3 iron piercers a black light an orc mummy a dwarf mummy 3 brown puddings a yeti a dog a dingo a black unicorn 2 dust vortices a snake a human zombie a Woodland-elf 2 soldier ants 6 fire ants 3 wood nymphs 13 Uruk-hai a rock mole a pony a fog cloud 3 yellow lights 4 shriekers 2 violet fungi 2 kobold mummies a black naga hatchling 3 gray oozes a ghoul a paper golem 11 giant ants 2 little dogs 5 floating eyes 2 kittens 4 homunculi a kobold lord 3 iguanas 7 hill orcs 4 rothes a rabid rat 2 centipedes a giant bat an orc zombie 3 dwarf zombies a wererat 10 killer bees 6 coyotes 4 gas spores 5 hobbits 6 acid blobs 3 large kobolds 11 geckos 5 hobgoblins 17 giant rats 6 cave spiders 4 brown molds 7 yellow molds 6 green molds 3 red molds a gnome a garter snake 6 gnome zombies 8 jackals 5 foxes 4 kobolds 19 newts 6 goblins 3 sewer rats 15 grid bugs 2 bats 8 lichens 7 kobold zombies 316 creatures vanquished. Voluntary challenges: You used a wielded weapon 121 times, starting on turn 48. You did not apply a unicorn horn. You read items or engraved 86 times, starting on turn 275. You never genocided any monsters. You never polymorphed an object. You never changed form. You cheated 1 time but completed Sokoban on turn 14128. You used no wishes. You split 2 puddings, starting on turn 14950. You never wrote Elbereth's name. You violated your moral code, losing 10 points of alignment, starting on turn 5898. Dungeon overview: The Dungeons of Doom: levels 1 to 9 Level 1 an altar to Ptah a long staircase Level 2 some fountains Level 3 an armor shop, a fountain stairs to The Gnomish Mines Level 4 a general store, a fountain Level 5 Level 6 (cure sickness books) <- You were here an altar to Thoth, a fountain Level 7 many fountains Level 8 an armor shop, a sink stairs to Sokoban Level 9 some fountains The Gnomish Mines: levels 4 to 7 Level 4 stairs to The Dungeons of Doom Level 5 Level 6 Level 7 some shops, a temple to Anhur, a magic chest, some fountains Sokoban: levels 4 to 7 Level 4 a magic chest Level 5 Level 6 Level 7 a magic chest stairs to The Dungeons of Doom History has recorded: On T:1 you entered the Dungeons of Doom to retrieve the Amulet of Yendor! On T:674 you reached level 2 of The Dungeons of Doom. On T:918 you advanced to experience level 2. On T:1518 you reached level 3 of The Dungeons of Doom. On T:1672 you advanced to experience level 3. On T:2261 you advanced to experience level 4. On T:2433 you reached level 1 of The Gnomish Mines. On T:3189 you advanced to experience level 5. On T:3219 you reached level 2 of The Gnomish Mines. On T:3747 you reached level 3 of The Gnomish Mines. On T:4156 you reached level 4 of The Gnomish Mines. On T:4575 you opened a magic chest. On T:4584 you entered the Minetown temple On T:4634 you opened a magic chest. On T:4635 you opened a magic chest. On T:4660 you advanced to experience level 6. On T:4669 you opened a magic chest. On T:5207 you opened a magic chest. On T:5208 you opened a magic chest. On T:5955 you reached level 4 of The Dungeons of Doom. On T:7058 you advanced to experience level 7. On T:7070 you reached level 5 of The Dungeons of Doom. On T:8037 you reached level 6 of The Dungeons of Doom. On T:9273 you received Magicbane from Thoth. On T:9729 you reached level 7 of The Dungeons of Doom. On T:9876 you advanced to experience level 8. On T:10088 you advanced to experience level 9. On T:10089 you received advice from The Oracle. On T:10089 you advanced to experience level 10. On T:10509 you reached level 8 of The Dungeons of Doom. On T:10914 you reached level 4 of Sokoban. On T:11133 you opened a magic chest. On T:11133 you opened a magic chest. On T:11134 you opened a magic chest. On T:11138 you opened a magic chest. On T:11140 you opened a magic chest. On T:11348 you reached level 3 of Sokoban. On T:12224 you reached level 2 of Sokoban. On T:12994 you reached level 1 of Sokoban. On T:14128 you entered the Sokoban zoo. On T:14319 you opened a magic chest. On T:14573 you opened a magic chest. On T:14575 you opened a magic chest. On T:14576 you opened a magic chest. On T:14577 you opened a magic chest. On T:14578 you opened a magic chest. On T:14579 you opened a magic chest. On T:14580 you opened a magic chest. On T:14841 you opened a magic chest. On T:15318 you reached level 9 of The Dungeons of Doom. Score breakdown: Gold: 6073 ( 607 points) Experience: 10 levels ( 900 points) Exploration: 9 levels ( 240 points) Discoveries: 38 items ( 1900 points) Variety of kills: 85 monsters ( 2000 points) Major goal: finished Sokoban ( 1000 points) Survival: died (score multiplied by 3) Total score: 19941 Latest messages: You are now wearing a ring called regen. The black unicorn butts! The black unicorn kicks! The black unicorn butts! The black unicorn kicks! The black unicorn butts! The black unicorn misses. You kill the black unicorn! The death ray bounces! There are a few objects here. The gargoyle claws you! (2x) The gargoyle bites! You miss the gargoyle. The gargoyle claws you! (2x) The gargoyle bites! The magic missile hits the gargoyle! The magic missile bounces! (2x) The gargoyle claws you! (2x) You die... Final status: Goodbye Frizzbo the Wizard, killed by a gargoyle... You died in The Dungeons of Doom on dungeon level 6 with 19941 points, and 6073 pieces of gold, after 15827 moves. You were level 10 with a maximum of 77 hit points when you died.